Workbook

Sheet Anexo N. 8 - Cuadro de Precios
B1: REPOSICIÓN E INSTALACIÓN DE LAS CABINAS DE LAS SUBESTACIONES TRANSFORMADORAS DEL ANILLO DE MEDIA TENSIÓN Y CENTRO DE RECEPCIÓN Y MEDICIÓN DE LA DEPURADORA DEL BAIX LLOBREGAT (Nº EXP.: AB/2025/137) | C1: NOMBRE LICITADOR
A4: CUADRO DE PRECIOS
A6: CÓDIGO | B6: DESCRIPCIÓN | C6: UNIDADES | D6: PRECIO UNITARIO
A7: 1.1 | B7: CELDAS CENTROS TRANSFORMACIÓN
A8: CT01 | B8: Rele General Electric MIF II | C8: Ud.
A9: CT02 | B9: Suministro, instalación conexion y puesta en servicio celda linea CM3-L para entrega abonado, 36 KVV, 630 A/20 KA, con mando motor, EKOR RCI,... según ppt | C9: Ud.
A10: CT03 | B10: Suministro, instalación, conexion y puesta en servicio celda transformador CGM3-V con interruptor, rele Ekor RPG... según ppt | C10: Ud.
A11: CT04 | B11: kits conexion para cables de aluminio llegada a cabinas | C11: Ud.
A12: CT05 | B12: kit ensamblaje entre cabinas CGM-36L2 | C12: Ud.
A13: CT06 | B13: Condensador fijos para transformador 1600 KVA | C13: Ud.
A14: CT07 | B14: Condensador fijos para transformador 2000 KVA | C14: Ud.
A15: 1.2 | B15: CELDAS CRM
A16: CR01 | B16: Rele General Electric MIF II | C16: Ud.
A17: CR02 | B17: Suministro, instalación conexion y puesta en servicio celda remonte CM3-RC ... según ppt punto 3.2.E. | C17: Ud.
A18: CR03 | B18: Suministro, instalación conexion y puesta en servicio celda automático CM3-V ... según ppt punto 3.2.F. | C18: Ud.
A19: CR04 | B19: Suministro, instalación conexion y puesta en servicio celda medida CM3-M ... según ppt punto 3.2.G. | C19: Ud.
A20: CR05 | B20: Suministro, instalación conexion y puesta en servicio celda linea CM3-L ... según ppt punto 3.2.H. | C20: Ud.
A21: CR06 | B21: Suministro, instalación conexion y puesta en servicio celda automático CM3-V ... según ppt punto 3.2.I. | C21: Ud.
A22: CR07 | B22: Suministro, instalación conexion y puesta armario telemando EKOR-UCT, EKOR-RCC ... según ppt punto 3.2.J. | C22: Ud.
A23: CR08 | B23: kits conexion para cables de aluminio llegada a cabinas | C23: Ud.
A24: CR09 | B24: Bancada metalica para soprotación nuevas cabinas | C24: Ud.
A25: CR10 | B25: Cerramiento metalico de rejilla para separación cabinas CIA-ABONADO | C25: Ud.
A26: 1.3 | B26: CABLES
A27: CB01 | B27: Suministro, instalación y puesta en servicio cable unipolar Aluminio RHZ1-16 18/30 kV de 1x400 mm2 | C27: Ud.
A28: CB02 | B28: Suministro, instalación y puesta en servicio cable unipolar Aluminio RHZ1-16 18/30 kV de 1x240 mm2 | C28: Ud.
A29: CB03 | B29: Cableado maniobra señalización y mando celdas de las cabinas de los Centros de Transformacion según detalle ppt | C29: Ud.
A30: CB04 | B30: Latiguillos fibra óptica entre convertidor F.O y patch panel ubicados en cuadro fibra existente en CCMs | C30: Ud.
A31: CB05 | B31: Latiguillos RJ45 entre cuadro nuevo cuadro remoto PLC y convertidor F.O ubicado en cuadro fibra existente en CCMs | C31: Ud.
A32: CB06 | B32: Convertidores fibra óptica-RJ45 para señales cabinas | C32: Ud.
A33: CB07 | B33: Zanja para cable comunicaciones entre CRM y sala control, incluye instalacion tubo coarrugado y rellenado con cemento | C33: Ud.
A34: 1.4 | B34: ARMARIOS
A35: AR01 | B35: Armario remoto PLC, incluyendo PLC Contrologix en CRM y cabeceras 1734-AENTR, 1734-IB8, OB8 en el resto de CTs... según detalle ppt | C35: Ud.
A36: AR02 | B36: RTU ekor.uct para control Cabinas y señalizacion via Modbus TCP segun ppt | C36: Ud.
A37: 1.5 | B37: CARGADORES/RECTIFICADORES
A38: CR01 | B38: Suministro, instalación y puesta en servicio equipo cargador con baterías 48Vcc Saft, Zygor o similar para maniobra celdas | C38: Ud.
A39: CR02 | B39: Suministro, instalación y puesta en servicio equipo redundante cargador con baterías 24Vcc Phoenix Contact para cuadro PLC | C39: Ud.
A40: 1.6 | B40: GRUPO ELECTRÓGENO
A41: GE01 | B41: Alquiler 2 grupos 630 KVA, incluido gasóleo. Precio por dia | C41: Ud.
A42: GE02 | B42: Gasoil, precio por litro | C42: litros
A43: 1.7 | B43: PROYECTO, DOCUMENTACIÓN Y LEGALIZACIÓN
A44: LE01 | B44: Legalización de la instalación según detalle ppt punto e y documentacio as built según ppt punto 4 | C44: Ud.
A45: LE02 | B45: Proyecto para aprobación Compañia | C45: Ud.
A46: LE03 | B46: Ayuda técnico para gestion proyecto y trámites con Compañía, asi como pago de descargos | C46: Ud.
A47: 1.8 | B47: PROGRAMACIÓN
A48: PR01 | B48: Programacion y configuracion relés cabinas | C48: Ud.
A49: PR02 | B49: Programacion y configuracion PLC | C49: Ud.
A50: PR03 | B50: Programacion SCADA | C50: Ud.
A51: 1.9 | B51: MONTAJE Y PRUEBAS
A52: MP01 | B52: Partida alzada de abono integro para montaje y conexionado del nuevo material, ajustes y pruebas | C52: PA
A53: 1.10 | B53: PARTIDAS SEGURIDAD
A54: PA01 | B54: Partida alzada para el Plan de Seguridad y Salud | C54: PA
B56: (LUGAR, FECHA Y FIRMA)
B63: Los precios no incluyen el Impuesto sobre el Valor Añadido (IVA, 21%).
B66: INSTRUCCIONES:
B67: Los campos con formatos en color negro no son editables, SÓLO INTRODUCIR LOS PRECIOS UNITARIOS (EN COLOR ROJO) PARA CADA PARTIDA

Sheet Anexo N. 9 - Presupuesto
C1: =+'Anexo N. 8 - Cuadro de Precios'!B1 -> REPOSICIÓN E INSTALACIÓN DE LAS CABINAS DE LAS SUBESTACIONES TRANSFORMADORAS DEL ANILLO DE MEDIA TENSIÓN Y CENTRO DE RECEPCIÓN Y MEDICIÓN DE LA DEPURADORA DEL BAIX LLOBREGAT (Nº EXP.: AB/2025/137) | D1: =+'Anexo N. 8 - Cuadro de Precios'!C1 -> NOMBRE LICITADOR
A3: PRESUPUESTO
A5: CÓDIGO | B5: UNIDADES | C5: DESCRIPCIÓN | D5: CANTIDAD | E5: PRECIO UNITARIO | F5: IMPORTE
A6: 1.1 | B6: CELDAS CENTROS TRANSFORMACIÓN
A7: CT01 | B7: Ud. | C7: Rele General Electric MIF II | D7: 2 | E7: =+'Anexo N. 8 - Cuadro de Precios'!D8 -> 0 | F7: =+ROUND(D7*E7,2) -> 0
A8: CT02 | B8: Ud. | C8: Suministro, instalación conexion y puesta en servicio celda linea CM3-L para entrega abonado, 36 KVV, 630 A/20 KA, con mando motor, EKOR RCI,... según ppt | D8: 18 | E8: =+'Anexo N. 8 - Cuadro de Precios'!D9 -> 0 | F8: =+ROUND(D8*E8,2) -> 0
A9: CT03 | B9: Ud. | C9: Suministro, instalación, conexion y puesta en servicio celda transformador CGM3-V con interruptor, rele Ekor RPG... según ppt | D9: 18 | E9: =+'Anexo N. 8 - Cuadro de Precios'!D10 -> 0 | F9: =+ROUND(D9*E9,2) -> 0
A10: CT04 | B10: Ud. | C10: kits conexion para cables de aluminio llegada a cabinas | D10: 6 | E10: =+'Anexo N. 8 - Cuadro de Precios'!D11 -> 0 | F10: =+ROUND(D10*E10,2) -> 0
A11: CT05 | B11: Ud. | C11: kit ensamblaje entre cabinas CGM-36L2 | D11: 4 | E11: =+'Anexo N. 8 - Cuadro de Precios'!D12 -> 0 | F11: =+ROUND(D11*E11,2) -> 0
A12: CT06 | B12: Ud. | C12: Condensador fijos para transformador 1600 KVA | D12: 2 | E12: =+'Anexo N. 8 - Cuadro de Precios'!D13 -> 0 | F12: =+ROUND(D12*E12,2) -> 0
A13: CT07 | B13: Ud. | C13: Condensador fijos para transformador 2000 KVA | D13: 2 | E13: =+'Anexo N. 8 - Cuadro de Precios'!D14 -> 0 | F13: =+ROUND(D13*E13,2) -> 0
A14: TOTAL 1.1 - CELDAS CENTROS TRANSFORMACIÓN | F14: =+SUM(F7:F13) -> 0
A15: 1.2 | B15: CELDAS CRM
A16: CR01 | B16: Ud. | C16: Rele General Electric MIF II | D16: 1 | E16: =+'Anexo N. 8 - Cuadro de Precios'!D16 -> 0 | F16: =+ROUND(D16*E16,2) -> 0
A17: CR02 | B17: Ud. | C17: Suministro, instalación conexion y puesta en servicio celda remonte CM3-RC ... según ppt punto 3.2.E. | D17: 2 | E17: =+'Anexo N. 8 - Cuadro de Precios'!D17 -> 0 | F17: =+ROUND(D17*E17,2) -> 0
A18: CR03 | B18: Ud. | C18: Suministro, instalación conexion y puesta en servicio celda automático CM3-V ... según ppt punto 3.2.F. | D18: 2 | E18: =+'Anexo N. 8 - Cuadro de Precios'!D18 -> 0 | F18: =+ROUND(D18*E18,2) -> 0
A19: CR04 | B19: Ud. | C19: Suministro, instalación conexion y puesta en servicio celda medida CM3-M ... según ppt punto 3.2.G. | D19: 2 | E19: =+'Anexo N. 8 - Cuadro de Precios'!D19 -> 0 | F19: =+ROUND(D19*E19,2) -> 0
A20: CR05 | B20: Ud. | C20: Suministro, instalación conexion y puesta en servicio celda linea CM3-L ... según ppt punto 3.2.H. | D20: 4 | E20: =+'Anexo N. 8 - Cuadro de Precios'!D20 -> 0 | F20: =+ROUND(D20*E20,2) -> 0
A21: CR06 | B21: Ud. | C21: Suministro, instalación conexion y puesta en servicio celda automático CM3-V ... según ppt punto 3.2.I. | D21: 2 | E21: =+'Anexo N. 8 - Cuadro de Precios'!D21 -> 0 | F21: =+ROUND(D21*E21,2) -> 0
A22: CR07 | B22: Ud. | C22: Suministro, instalación conexion y puesta armario telemando EKOR-UCT, EKOR-RCC ... según ppt punto 3.2.J. | D22: 1 | E22: =+'Anexo N. 8 - Cuadro de Precios'!D22 -> 0 | F22: =+ROUND(D22*E22,2) -> 0
A23: CR08 | B23: Ud. | C23: kits conexion para cables de aluminio llegada a cabinas | D23: 12 | E23: =+'Anexo N. 8 - Cuadro de Precios'!D23 -> 0 | F23: =+ROUND(D23*E23,2) -> 0
A24: CR09 | B24: Ud. | C24: Bancada metalica para soprotación nuevas cabinas | D24: 1 | E24: =+'Anexo N. 8 - Cuadro de Precios'!D24 -> 0 | F24: =+ROUND(D24*E24,2) -> 0
A25: CR10 | B25: Ud. | C25: Cerramiento metalico de rejilla para separación cabinas CIA-ABONADO | D25: 1 | E25: =+'Anexo N. 8 - Cuadro de Precios'!D25 -> 0 | F25: =+ROUND(D25*E25,2) -> 0
A26: TOTAL 1.2 - CELDAS CRM | F26: =+SUM(F16:F25) -> 0
A27: 1.3 | B27: CABLES
A28: CB01 | B28: Ud. | C28: Suministro, instalación y puesta en servicio cable unipolar Aluminio RHZ1-16 18/30 kV de 1x400 mm2 | D28: 100 | E28: =+'Anexo N. 8 - Cuadro de Precios'!D27 -> 0 | F28: =+ROUND(D28*E28,2) -> 0
A29: CB02 | B29: Ud. | C29: Suministro, instalación y puesta en servicio cable unipolar Aluminio RHZ1-16 18/30 kV de 1x240 mm2 | D29: 100 | E29: =+'Anexo N. 8 - Cuadro de Precios'!D28 -> 0 | F29: =+ROUND(D29*E29,2) -> 0
A30: CB03 | B30: Ud. | C30: Cableado maniobra señalización y mando celdas de las cabinas de los Centros de Transformacion según detalle ppt | D30: 13 | E30: =+'Anexo N. 8 - Cuadro de Precios'!D29 -> 0 | F30: =+ROUND(D30*E30,2) -> 0
A31: CB04 | B31: Ud. | C31: Latiguillos fibra óptica entre convertidor F.O y patch panel ubicados en cuadro fibra existente en CCMs | D31: 28 | E31: =+'Anexo N. 8 - Cuadro de Precios'!D30 -> 0 | F31: =+ROUND(D31*E31,2) -> 0
A32: CB05 | B32: Ud. | C32: Latiguillos RJ45 entre cuadro nuevo cuadro remoto PLC y convertidor F.O ubicado en cuadro fibra existente en CCMs | D32: 28 | E32: =+'Anexo N. 8 - Cuadro de Precios'!D31 -> 0 | F32: =+ROUND(D32*E32,2) -> 0
A33: CB06 | B33: Ud. | C33: Convertidores fibra óptica-RJ45 para señales cabinas | D33: 28 | E33: =+'Anexo N. 8 - Cuadro de Precios'!D32 -> 0 | F33: =+ROUND(D33*E33,2) -> 0
A34: CB07 | B34: Ud. | C34: Zanja para cable comunicaciones entre CRM y sala control, incluye instalacion tubo coarrugado y rellenado con cemento | D34: 40 | E34: =+'Anexo N. 8 - Cuadro de Precios'!D33 -> 0 | F34: =+ROUND(D34*E34,2) -> 0
A35: TOTAL 1.3 - CABLES | F35: =+SUM(F28:F34) -> 0
A36: 1.4 | B36: ARMARIOS
A37: AR01 | B37: Ud. | C37: Armario remoto PLC, incluyendo PLC Contrologix en CRM y cabeceras 1734-AENTR, 1734-IB8, OB8 en el resto de CTs... según detalle ppt | D37: 13 | E37: =+'Anexo N. 8 - Cuadro de Precios'!D35 -> 0 | F37: =+ROUND(D37*E37,2) -> 0
A38: AR02 | B38: Ud. | C38: RTU ekor.uct para control Cabinas y señalizacion via Modbus TCP segun ppt | D38: 1 | E38: =+'Anexo N. 8 - Cuadro de Precios'!D36 -> 0 | F38: =+ROUND(D38*E38,2) -> 0
A39: TOTAL 1.4 - ARMARIOS | F39: =+SUM(F37:F38) -> 0
A40: 1.5 | B40: CARGADORES/RECTIFICADORES
A41: CR01 | B41: Ud. | C41: Suministro, instalación y puesta en servicio equipo cargador con baterías 48Vcc Saft, Zygor o similar para maniobra celdas | D41: 11 | E41: =+'Anexo N. 8 - Cuadro de Precios'!D38 -> 0 | F41: =+ROUND(D41*E41,2) -> 0
A42: CR02 | B42: Ud. | C42: Suministro, instalación y puesta en servicio equipo redundante cargador con baterías 24Vcc Phoenix Contact para cuadro PLC | D42: 13 | E42: =+'Anexo N. 8 - Cuadro de Precios'!D39 -> 0 | F42: =+ROUND(D42*E42,2) -> 0
A43: TOTAL 1.5 - CARGADORES/RECTIFICADORES | F43: =+SUM(F41:F42) -> 0
A44: 1.6 | B44: GRUPO ELECTRÓGENO
A45: GE01 | B45: Ud. | C45: Alquiler 2 grupos 630 KVA, incluido gasóleo. Precio por dia | D45: 10 | E45: =+'Anexo N. 8 - Cuadro de Precios'!D41 -> 0 | F45: =+ROUND(D45*E45,2) -> 0
A46: GE02 | B46: litros | C46: Gasoil, precio por litro | D46: 20000 | E46: =+'Anexo N. 8 - Cuadro de Precios'!D42 -> 0 | F46: =+ROUND(D46*E46,2) -> 0
A47: TOTAL 1.6 - GRUPO ELECTRÓGENO | F47: =+SUM(F45:F46) -> 0
A48: 1.7 | B48: PROYECTO, DOCUMENTACIÓN Y LEGALIZACIÓN
A49: LE01 | B49: Ud. | C49: Legalización de la instalación según detalle ppt punto e y documentacio as built según ppt punto 4 | D49: 1 | E49: =+'Anexo N. 8 - Cuadro de Precios'!D44 -> 0 | F49: =+ROUND(D49*E49,2) -> 0
A50: LE02 | B50: Ud. | C50: Proyecto para aprobación Compañia | D50: 1 | E50: =+'Anexo N. 8 - Cuadro de Precios'!D45 -> 0 | F50: =+ROUND(D50*E50,2) -> 0
A51: LE03 | B51: Ud. | C51: Ayuda técnico para gestion proyecto y trámites con Compañía, asi como pago de descargos | D51: 1 | E51: =+'Anexo N. 8 - Cuadro de Precios'!D46 -> 0 | F51: =+ROUND(D51*E51,2) -> 0
A52: TOTAL 1.7 - PROYECTO, DOCUMENTACIÓN Y LEGALIZACIÓN | F52: =+SUM(F49:F51) -> 0
A53: 1.8 | B53: PROGRAMACIÓN
A54: PR01 | B54: Ud. | C54: Programacion y configuracion relés cabinas | D54: 1 | E54: =+'Anexo N. 8 - Cuadro de Precios'!D48 -> 0 | F54: =+ROUND(D54*E54,2) -> 0
A55: PR02 | B55: Ud. | C55: Programacion y configuracion PLC | D55: 1 | E55: =+'Anexo N. 8 - Cuadro de Precios'!D49 -> 0 | F55: =+ROUND(D55*E55,2) -> 0
A56: PR03 | B56: Ud. | C56: Programacion SCADA | D56: 1 | E56: =+'Anexo N. 8 - Cuadro de Precios'!D50 -> 0 | F56: =+ROUND(D56*E56,2) -> 0
A57: TOTAL 1.8 - PROGRAMACIÓN | F57: =+SUM(F54:F56) -> 0
A58: 1.9 | B58: MONTAJE Y PRUEBAS
A59: MP01 | B59: PA | C59: Partida alzada de abono integro para montaje y conexionado del nuevo material, ajustes y pruebas | D59: 1 | E59: =+'Anexo N. 8 - Cuadro de Precios'!D52 -> 0 | F59: =+ROUND(D59*E59,2) -> 0
A60: TOTAL 1.9 - MONTAJE Y PRUEBAS | F60: =+SUM(F59) -> 0
A61: 1.10 | B61: PARTIDAS SEGURIDAD
A62: PA01 | B62: PA | C62: Partida alzada para el Plan de Seguridad y Salud | D62: 1 | E62: =+'Anexo N. 8 - Cuadro de Precios'!D54 -> 0 | F62: =+ROUND(D62*E62,2) -> 0
A63: TOTAL 1.10 - PARTIDAS SEGURIDAD | F63: =+SUM(F62) -> 0
C64: TOTAL | F64: =+F14+F26+F35+F39+F43+F47+F52+F57+F60+F63 -> 0
C66: TOTAL EJECUCIÓN POR CONTRATO (SIN IVA)………………………………………. | F66: =+F64 -> 0
C68: IVA (21%) | F68: =F66*0.21 -> 0
C70: TOTAL EJECUCIÓN POR CONTRATO (IVA INCLUIDO)……………………………… | F70: =F66+F68 -> 0
C73: =+'Anexo N. 8 - Cuadro de Precios'!B56 -> (LUGAR, FECHA Y FIRMA)
